 Dungeon Crawl Stone Soup version 0.30-a0-591-g3c58d2bc28 (webtiles) character file.

Game seed: 14131817914358872329

102 omnomnOMINOUS the Trooper (level 4, -3/31 HPs)
             Began as an Octopode Wanderer on Jan 5, 2023.
             Killed from afar by an orc wizard (8 damage)
             ... with a puff of flame
             ... on level 3 of the Dungeon.
             The game lasted 00:04:06 (2534 turns).

omnomnOMINOUS the Trooper (Octopode Wanderer)       Turns: 2534, Time: 00:04:07

Health: -3/31      AC:  1    Str:  7 (10) XL:     4   Next: 78%
Magic:  1/6        EV: 13    Int: 16 (18) God:
Gold:   35         SH:  0    Dex:  8 (10) Spells: 5/6 levels left

rFire   . . .      SeeInvis .    a - +3 falchion
rCold   . . .      Faith    .    (no shield)
rNeg    . . .      Spirit   .    (helmet restricted)
rPois   .          Reflect  .    (no amulet)
rElec   .          Harm     .    j - ring of resist corrosion
rCorr   +          Rampage  .    (no ring)
Will    .....                    (no ring)
Stlth   ++                       (no ring)
HPRegen 0.25/turn                (no ring)
MPRegen 0.10/turn                (no ring)
                                 (no ring)
                                 (no ring)

@: no status effects
A: almost no armour, amphibious, 8 rings, camouflage 1, gelatinous body 1,
(nimble swimmer 1), tentacles
a: no special abilities


You were on level 3 of the Dungeon.
You visited 1 branch of the dungeon, and saw 3 of its levels.

You collected 132 gold pieces.
You spent 97 gold pieces at shops.

Inventory:

Hand Weapons
 a - a +3 falchion (weapon)
Jewellery
 j - a ring of resist corrosion (left tentacle)
 t - a ring of fire
Wands
 v - a wand of roots (9)
Scrolls
 b - 2 scrolls of fog
 d - a scroll of noise {unknown}
 f - a scroll of enchant weapon {unknown}
 g - a scroll of brand weapon {unknown}
 i - 3 scrolls of identify {unknown}
 m - a scroll of magic mapping {unknown}
 o - a scroll of amnesia {unknown}
 q - 2 scrolls of enchant armour {unknown}
 r - 2 scrolls of blinking
 u - a scroll of teleportation {unknown}
 w - 2 scrolls of fear {unknown}
Potions
 c - a potion of degeneration
 e - a potion of ambrosia {unknown}
 h - a potion of curing {unknown}
 k - 2 potions of might {unknown}
 l - 2 potions of attraction {unknown}
 n - a potion of flight {unknown}
 p - a potion of resistance {unknown}
 s - a potion of magic {unknown}
 x - 2 potions of mutation {unknown}
 z - a potion of berserk rage {unknown}


   Skills:
 + Level 3.5 Fighting
 - Level 3.0 Long Blades
 + Level 2.0 Dodging
 + Level 1.9 Spellcasting
 * Level 2.5 Conjurations
 - Level 2.0 Air Magic


You had 5 spell levels left.
You knew the following spells:

 Your Spells              Type           Power      Damage    Failure   Level
a - Shock                 Conj/Air       32%        1d5       9%          1

Your spell library contained the following spells:

 Spells                   Type           Power      Damage    Failure   Level
 Vhi's Electric Charge    Tloc/Air       8%         N/A       38%         3
 Summon Guardian Golem    Hex/Summ       1%         N/A       54%         3
 Manifold Assault         Tloc           1%         N/A       91%         4
 Dispersal                Tloc           0%         N/A       100%        6
 Orb of Destruction       Conj           4%         9d5       100%        7
 Spellforged Servitor     Conj/Summ      2%         N/A       100%        7
 Disjunction              Tloc           0%         N/A       100%        8


Dungeon Overview and Level Annotations

Branches:
Dungeon (3/15)

Altars:

Shops:
D:3 ?

Annotations:
D:3 1 runed translucent door, Crazy Yiuf


Innate Abilities, Weirdness & Mutations

You cannot wear most types of armour.
You are amphibious.
You can wear up to eight rings at the same time.
Your skin changes colour to match your surroundings (Stealth+).
Your rubbery body absorbs attacks. (AC +1, EV +1)
((You are camouflaged when in or above water. (Stealth+)))
You have tentacles for arms and can constrict up to eight enemies at once.


Message History

You hit the orc wizard but do no damage.
Your grab misses the orc wizard.
You squeeze the orc wizard, but do no damage.
The orc wizard is moderately wounded.
The orc wizard barely misses you. The orc wizard casts a spell at you.
The puff of flame hits you.
You slash the orc wizard! Your grab misses the orc wizard.
Your squeeze misses the orc wizard.
The orc wizard is severely wounded.
The orc wizard casts a spell at you.
You are confused.
The orc wizard closely misses you. The orc wizard misses you.
You closely miss the orc wizard. Your squeeze misses the orc wizard.
The orc wizard is severely wounded.
The orc wizard gestures wildly while chanting.
The orc wizard flickers and vanishes!
Deactivating autopickup; reactivate with Ctrl-A.
You bump into the rock wall.
You hear some strange, mumbled words.
A puff of flame appears from out of thin air!
The puff of flame hits you!
You hear some strange, mumbled words.
A magic dart appears from out of thin air!
The magic dart hits you!
You closely miss something. Your squeeze misses something. Something hits you.
* * * LOW HITPOINT WARNING * * *
You feel less confused. Something hits you.
* * * LOW HITPOINT WARNING * * *
Okay, then.
Unknown command.
It was a potion of degeneration.
There was something very wrong with that liquid.
You feel weakened.
You feel dopey.
You feel clumsy.
You hear some strange, mumbled words.
A puff of flame appears from out of thin air!
The puff of flame hits you!
You die...

....# #.....# #####
....# #.....######
....# #....).....#
....# #####......#
....####### #......#
....#.....# #.)....#
....#[###.# #......#
#####.# #.# #.{)...#
#.....# #.# #.@....#
......# #.# #......#
#....## #.# ###.$....#
#....# #.# .........#
#....# #.# .......).#
#....# #.##.........#
#....# #.##.........#
##
#########.##.........#
.
.....#....##.........#
.##


There were no monsters in sight!

Vanquished Creatures
  An orc priest (D:3)
  2 adders
  2 worms
  A dart slug (D:2)
  3 orcs (D:3)
  4 endoplasms
  2 goblins
  8 hobgoblins
  6 kobolds
  2 quokkas (D:2)
  4 ball pythons
  4 frilled lizards
  4 rats
43 creatures vanquished.

Notes
Turn   | Place    | Note
-------+----------+-------------------------------------------
     0 | D:1      | omnomnOMINOUS the Octopode Wanderer began the quest for the
                  | Orb.
     0 | D:1      | omnomnOMINOUS set off with the following items: a +3
                  | falchion, a scroll of fog; and the following spell
                  | memorised: Shock; and the following spells available to
                  | memorise: Vhi's Electric Charge.
     0 | D:1      | Reached XP level 1. HP: 16/16 MP: 2/2
   612 | D:1      | Reached XP level 2. HP: 21/21 MP: 3/3
  1020 | D:2      | Reached skill level 1 in Conjurations
  1288 | D:2      | Reached XP level 3. HP: 23/26 MP: 3/5
  2046 | D:3      | Found Doum's Magic Scroll Boutique.
  2068 | D:3      | Reached XP level 4. HP: 11/31 MP: 2/6
  2074 | D:3      | Bought a scroll of blinking for 97 gold pieces
  2337 | D:3      | Found a runed translucent door.
  2338 | D:3      | Noticed Crazy Yiuf
  2534 | D:3      | Killed from afar by an orc wizard

Illustrated notes

Levels and vault maps discovered:
D:1:      lemuel_arrival_funnel, layout_basic
D:2:      layout_loops_corners
D:3:      minmay_roachtagon, layout_basic, serial_shops,
          nicolae_shop_hallway_stairs, uniq_crazy_yiuf_cottage

Skill      XL: |  1  2  3  4 |
---------------+-------------+-----
Conjurations   | 1 2 |  2.5
Dodging        | 2 |  2.0
Fighting       | |  3.5
Long Blades    | |  3.0
Spellcasting   | |  1.9
Air Magic      | |  2.0

Action                   |  1- 3 |  4- 6 || total
-------------------------+-------+-------++-------
Melee: Falchion          |    61 |    11 ||    72
       Tentacles         |     9 |     4 ||    13
       Constrict         |    10 |     2 ||    12
       Punch             |     1 |       ||     1
 Cast: Shock             |    11 |    18 ||    29
  Use: Potion            |       |     1 ||     1
 Stab: Sleeping          |     7 |       ||     7
Armor: Skin              |     4 |     1 ||     5
Dodge: Dodged            |    34 |     6 ||    40

Table legend: (Time is in decaauts)
 A = Elapsed time spent in this place.
 B = Non-inter-level travel time spent in this place.
 C = Inter-level travel time spent in this place.
 D = Time resting spent in this place.
 E = Time spent auto-exploring this place.
 F = Levels seen in this place.
 G = Mean time per level.
                   A        B        C        D        E       F      G
               +--------+--------+--------+--------+--------+-----+--------+
         Total |   2544 |   2437 |    107 |    134 |   1915 |   3 |  848.0 |
       Dungeon |   2544 |   2437 |    107 |    134 |   1915 |   3 |  848.0 |
               +--------+--------+--------+--------+--------+-----+--------+

Top non-repeatable levels by time:
     D:2: 1014 daAuts
     D:1: 945 daAuts
     D:3: 584 daAuts
